 Dungeon Crawl Stone Soup version 0.28-a0-628-g3c9886e45e (webtiles) character file.

Game seed: 5561212506308137916

51 kae the Ruffian (level 3, -5/36 HPs)
             Began as a Troll Fighter on Oct 8, 2021.
             Slain by Sigmund (10 damage)
             ... on level 2 of the Dungeon.
             The game lasted 00:00:35 (1144 turns).

kae the Ruffian (Troll Fighter)                     Turns: 1144, Time: 00:00:36

Health: -5/36      AC:  4    Str: 25    XL:     3   Next: 58%
Magic:  2/2        EV:  8    Int:  4    God:
Gold:   27         SH:  7    Dex:  9    Spells: 2/2 levels left

rFire   . . .      SeeInvis .     - Unarmed
rCold   . . .      Faith    .   b - +0 kite shield
rNeg    . . .      Spirit   .   a - +0 robe
rPois   .          Reflect  .   (helmet restricted)
rElec   .          Harm     .   (no cloak)
rCorr   .          Rampage  .   (gloves unavailable)
Will    .....                   (boots unavailable)
Stlth   +.........              (no amulet)
HPRegen 1.12/turn               (no ring)
MPRegen 0.08/turn               (no ring)

@: mighty
A: large, unfitting armour, claws 3, regeneration 1, shaggy fur 1, tough skin 1
a: no special abilities


You were on level 2 of the Dungeon.
You visited 1 branch of the dungeon, and saw 2 of its levels.

You collected 27 gold pieces.

Inventory:

Armour
 a - a +0 robe (worn)
 b - a +0 kite shield (worn)
Scrolls
 f - a scroll of blinking {unknown}
 h - a scroll of summoning {unknown}
 i - 2 scrolls of teleportation {unknown}
 j - a scroll of acquirement {unknown}
Potions
 d - a potion of cancellation {unknown}
 e - a potion of flight {unknown}
 g - a potion of heal wounds {unknown}


   Skills:
 + Level 2.8 Fighting
 + Level 2.8 Dodging
 - Level 2.4 Shields
 * Level 3.1 Unarmed Combat


You had 2 spell levels left.
You didn't know any spells.
Your spell library contained the following spells:

 Spells                   Type           Power      Damage    Failure   Level
 Gell's Gravitas          Tloc           0%         N/A       100%        3
 Teleport Other           Tloc           0%         N/A       100%        3
 Dispersal                Tloc           0%         N/A       100%        6


Dungeon Overview and Level Annotations

Branches:
Dungeon (2/15)

Altars:

Annotations:
D:2 Sigmund


Innate Abilities, Weirdness & Mutations

You are too large for most types of armour.
You have claws for hands.
Your natural rate of healing is unusually fast.
You are covered in fur. (AC +1)
You have tough skin. (AC +1)


Message History

i - 2 scrolls labelled POOTEYR CITWITS (gained 1)
A goblin comes into view. It is wielding a +0 club.
You block the goblin's attack.
You claw the goblin!
You kill the goblin!
Things that are here:
a +0 club; a goblin corpse No target in view!
No target in view!
Sigmund the Dreaded comes into view.
He is wielding a +0 scythe and carrying a wand of flame (26).
Sigmund shouts!
Sigmund is nearby!
Sigmund mumbles some strange words.
Sigmund flickers and vanishes!
Deactivating autopickup; reactivate with Ctrl-A.
No target in view!
There is a strange disturbance nearby!
No target in view!
No target in view!
There is a strange disturbance nearby!
No target in view!
No target in view!
You feel very mighty all of a sudden. Something hits you!
You hear a zap.
A puff of flame appears from out of thin air!
The puff of flame hits you.
You claw something!
You hear some strange, mumbled words.
A magic dart appears from out of thin air!
The magic dart hits you.
You claw something!
You hear some strange, mumbled words.
A magic dart appears from out of thin air!
The magic dart hits you!
You miss something. Something hits you.
You closely miss something. Something hits you!
* * * LOW HITPOINT WARNING * * *
You miss something. Something hits you!
You die...

).....#.# ##.##...#
#...#...##
.....#.#.##
....##.##.#####
##.###........######
#..####..#.#......#
#.#.# #.##.#.##.#.##
##'##.#..#≈..≈≈#@≈..#
#...##.#.≈≈....#{≈≈.#
.....###.≈.#≈≈.#≈.≈.#
......##.≈.≈≈..♣≈≈≈.#
.......#.≈.≈..≈.≈.≈.#
.......+...≈.......##
.......##...♣≈≈....#
...(..###.≈≈ ≈≈.≈#.#
.....##


There were no monsters in sight!

Vanquished Creatures
  An adder (D:2)
  A worm (D:2)
  A dart slug (D:1)
  4 endoplasms
  4 giant cockroaches (D:1)
  6 goblins
  5 hobgoblins
  2 jackals (D:1)
  A kobold (D:1)
  A quokka (D:1)
  2 ball pythons (D:1)
  A bat (D:1)
  2 frilled lizards (D:1)
  2 rats
33 creatures vanquished.

Notes
Turn   | Place    | Note
-------+----------+-------------------------------------------
     0 | D:1      | kae the Troll Fighter began the quest for the Orb.
     0 | D:1      | Reached XP level 1. HP: 22/22 MP: 0/0
   125 | D:1      | Found a faded altar of an unknown god.
   311 | D:1      | Reached XP level 2. HP: 29/29 MP: 1/1
   680 | D:1      | Reached XP level 3. HP: 36/36 MP: 2/2
   944 | D:2      | Reached skill level 3 in Unarmed Combat
  1136 | D:2      | Noticed Sigmund
  1144 | D:2      | Slain by Sigmund

Illustrated notes

Levels and vault maps discovered:
D:1:      nagdon_arrival_double_spiral, layout_loops_corners,
          shapermc_ecumenical_altar_totnotflames, minivault_19
D:2:      layout_loops_corners, chequers_serial_rivers_marsh, uniq_sigmund

Skill      XL: |  1  2  3 |
---------------+----------+-----
Unarmed Combat | 3 |  3.1
Fighting       | |  2.8
Dodging        | |  2.8
Shields        | |  2.4

Action                   || total
-------------------------++-------
Melee: Unarmed           ||    93
  Use: Potion            ||     1
Armor: Robe              ||    42
Dodge: Dodged            ||    27
Block: Kite shield       ||    31

Table legend: (Time is in decaauts)
 A = Elapsed time spent in this place.
 B = Non-inter-level travel time spent in this place.
 C = Inter-level travel time spent in this place.
 D = Time resting spent in this place.
 E = Time spent auto-exploring this place.
 F = Levels seen in this place.
 G = Mean time per level.
                   A        B        C        D        E       F      G
               +--------+--------+--------+--------+--------+-----+--------+
         Total |   1159 |   1152 |      7 |      0 |    946 |   2 |  579.5 |
       Dungeon |   1159 |   1152 |      7 |      0 |    946 |   2 |  579.5 |
               +--------+--------+--------+--------+--------+-----+--------+

Top non-repeatable levels by time:
     D:1: 929 daAuts
     D:2: 230 daAuts
